 Dungeon Crawl Stone Soup version 0.30-a0-881-g1ff12e1e11 (webtiles) character file.

Game seed: 8301091168106899692

53344 Newt the Markskobold (level 15, -5/81 HPs)
             Began as a Kobold Hunter on Mar 14, 2023.
             Was a High Priest of Hepliaklqana.
             Engulfed by their own flame (18 damage)
             ... on level 5 of the Lair of Beasts.
             The game lasted 00:24:44 (18867 turns).

Newt the Markskobold (Kobold Hunter)               Turns: 18867, Time: 00:24:45

Health: -5/81      AC:  8    Str: 20    XL:     15   Next: 9%
Magic:  17/33      EV: 41    Int: 14    God:    Hepliaklqana [*****.]
Gold:   950        SH:  5    Dex: 34    Spells: 15/26 levels left

rFire   . . .      SeeInvis .    V - +1 shortbow (freeze)
rCold   . . .      Faith    .    (shield currently unavailable)
rNeg    . . .      Spirit   .    E - +1 robe of Qeosk {Drain Will++ MP+9 Dex+3}
rPois   .          Reflect  +    (no helmet)
rElec   +          Rampage  .    g - +2 cloak "Nongalit" {Harm Will+ Str+3 Dex+2}
rCorr   .          Harm     + .  Z - +0 pair of gloves {Str+3}
Will    +++++                    m - +0 pair of boots
Stlth   +++++                    Y - amulet "Voquos" {Reflect Int+4 SH+5}
HPRegen 0.33/turn                I - +5 ring of evasion
MPRegen 0.23/turn                X - ring "Ageinemo" {rElec Will+ Str+6 Dex+2 Stlth+}

@: studying Dodging
A: reduced essence, small, no large weapons, nightstalker 3
a: Renounce Religion, Recall Ancestor, Ancestor Identity, Transference, Idealise


You were on level 5 of the Lair of Beasts.
You worshipped Hepliaklqana.
Hepliaklqana was extremely pleased with you.
You visited 3 branches of the dungeon, and saw 18 of its levels.
You also visited: Bailey.

You collected 2537 gold pieces.
You spent 1587 gold pieces at shops.

Inventory:

Hand Weapons
 a - a +1 shortbow of chaos
 V - a +1 shortbow of freezing (weapon)
Missiles
 W - a throwing net
Armour
 g - the +2 cloak "Nongalit" (worn) {Harm Will+ Str+3 Dex+2}
   (You found it in a bailey)

   Str:       It affects your strength (+3).
   Dex:       It affects your dexterity (+2).
   Harm:      It increases damage dealt and taken.
   Will:      It increases your willpower.
 m - a +0 pair of boots (worn)
 E - the +1 robe of Qeosk (worn) {Drain Will++ MP+9 Dex+3}
   (You found it in a bailey)

   Dex:       It affects your dexterity (+3).
   MP:        It affects your magic capacity (+9).
   Drain:     It drains your maximum health when unequipped.
   Will:      It greatly increases your willpower.
 G - a +3 chain mail of willpower
 Z - a +0 pair of gloves of strength (worn)
Jewellery
 i - a +5 ring of evasion
 l - an amulet of the acrobat
 r - a ring of protection from cold
 v - an amulet of faith
 A - a ring of resist corrosion
 B - a ring of wizardry
 I - a +5 ring of evasion (left hand)
 U - a ring of positive energy
 X - the ring "Ageinemo" (right hand) {rElec Will+ Str+6 Dex+2 Stlth+}
   (You bought it in a shop on level 4 of the Dungeon)

   [ring of strength]

   Str:       It affects your strength (+6).
   Dex:       It affects your dexterity (+2).
   rElec:     It insulates you from electricity.
   Will:      It increases your willpower.
   Stlth:     It makes you more stealthy.
 Y - the amulet "Voquos" (around neck) {Reflect Int+4 SH+5}
   (You bought it in a shop on level 4 of the Dungeon)

   [amulet of reflection]

   It reflects blocked missile attacks.
   Int:       It affects your intelligence (+4).
   SH:        It affects your SH (+5).
Wands
 k - a wand of light (21)
 p - a wand of mindburst (24)
 t - a wand of iceblast (7)
 u - a wand of flame (32)
 z - a wand of polymorph (14)
 L - a wand of charming (10)
Scrolls
 b - 3 scrolls of immolation
 c - 2 scrolls of amnesia
 d - a scroll of fear
 n - 6 scrolls of poison
 o - 6 scrolls of enchant armour
 q - 5 scrolls of teleportation
 y - 4 scrolls of blinking
 F - a scroll of summoning
 O - a scroll of fog
 R - 4 scrolls of enchant weapon
Potions
 e - 5 potions of curing
 f - 3 potions of brilliance
 h - 2 potions of berserk rage
 j - 3 potions of heal wounds
 w - 2 potions of cancellation
 x - 2 potions of flight
 D - a potion of might
 J - 2 potions of lignification
 N - a potion of resistance
Miscellaneous
 P - a phial of floods


   Skills:
 - Level 9.0 Fighting
 - Level 16.0 Ranged Weapons
 - Level 15.0 Dodging
 - Level 1.3 Stealth
 - Level 6.1 Spellcasting
 + Level 9.9 Hexes
 + Level 9.8 Summonings
 - Level 6.1 Translocations
 - Level 8.0 Invocations
 - Level 6.0 Evocations


You had 15 spell levels left.
You knew the following spells:

 Your Spells              Type           Power      Damage    Failure   Level
a - Portal Projectile     Hex/Tloc       52%        N/A       1%          3
b - Summon Guardian Gole  Hex/Summ       31%        N/A       1%          3
c - Summon Mana Viper     Hex/Summ       31%        N/A       8%          5

Your spell library contained the following spells:

 Spells                   Type           Power      Damage    Failure   Level
 Summon Small Mammal      Summ           100%       N/A       1%          1
 Call Canine Familiar     Summ           31%        N/A       1%          3
 Confusing Touch          Hex            32%        N/A       1%          3
 Cause Fear               Hex            16%        N/A       2%          4
 Kiss of Death            Conj/Necr      16%        2d6       16%         1
 Kindle Blastsparks       Fire/Tloc/Air  20%        2d11      21%         3
 Fulminant Prism          Conj/Hex       9%         3d6       21%         4
 Leda's Liquefaction      Hex/Erth       9%         N/A       21%         4
 Summon Ice Beast         Ice/Summ       18%        N/A       21%         4
 Iskenderun's Mystic Bla  Conj/Tloc      12%        2d5       41%         4
 Mephitic Cloud           Conj/Pois/Air  4%         N/A       43%         3
 Stone Arrow              Conj/Erth      8%         3d7       43%         3
 Yara's Violent Unravell  Hex/Tmut       9%         3d6       50%         5
 Dispel Undead            Necr           4%         3d7       83%         4
 Enfeeble                 Hex            16%        N/A       92%         7
 Monstrous Menagerie      Summ           15%        N/A       93%         7
 Fireball                 Conj/Fire      2%         3d4       99%         5
 Iskenderun's Battlesphe  Conj           4%         2d6       99%         5
 Lee's Rapid Deconstruct  Erth           2%         3d4*      99%         5
 Lightning Bolt           Conj/Air       2%         1d13      99%         5
 Conjure Ball Lightning   Conj/Air       2%         3x3d6     100%        6
 Dragon Form              Tmut           2%         N/A       100%        7
 Orb of Destruction       Conj           2%         9d5       100%        7
 Spellforged Servitor     Conj/Summ      9%         N/A       100%        7
 Dragon's Call            Summ           15%        N/A       100%        9


Dungeon Overview and Level Annotations

Branches:
Dungeon (12/15)            Temple (1/1) D:4            Lair (4/5) D:9
 Shoals (0/4) Lair:3       Spider (0/4) Lair:2        Slime (0/5) Lair:4
    Orc (0/2) D:10         Bailey (visited)

Altars:
Ashenzari
Cheibriados
Dithmenos
Elyvilon
Fedhas
Gozag
Hepliaklqana
Kikubaaqudgha
Makhleb
Nemelex Xobeh
Okawaru
Qazlal
Ru
Sif Muna
Trog
Uskayaw
Vehumet
Wu Jian
Xom
Yredelemnul
Zin
The Shining One

Shops:
D:4 =(=   D:10 *   D:12 *

Portals:
Trove: D:12 (give +2 gold dragon scales)


Innate Abilities, Weirdness & Mutations

Your life essence is reduced to manifest your ancestor. (-10% HP)
You are small and have problems with some larger weapons.
You are completely attuned to the shadows.


Message History

You kill the basilisk!
The wolf closely misses you.
The blink frog blinks!
The wolf completely misses you.
You shoot an arrow. The arrow hits the wolf!
The arrow freezes the wolf.
The wolf is severely wounded.
The wolf completely misses you.
You shoot an arrow. The arrow misses the wolf.
The wolf completely misses you.
You shoot an arrow. The arrow closely misses the wolf.
The wolf completely misses you.
The blink frog hits your guardian golem.
You shoot an arrow.
The arrow hits the wolf but does no damage.
The wolf is severely wounded.
You block the wolf's attack.
The blink frog hits your guardian golem.
You shoot an arrow. The arrow closely misses the wolf.
The wolf bites you!
The blink frog hits your guardian golem!
The wolf completely misses you.
You shoot an arrow. The arrow misses the wolf.
Your guardian golem overheats!
The wolf completely misses you.
The blink frog hits your guardian golem!
Flame seeps out of your guardian golem.
You shoot an arrow. The arrow hits the wolf!!
The arrow freezes the wolf.
You kill the wolf!
Thabo emerges from the mists of memory!
The blink frog hits your guardian golem!
Your guardian golem disappears in a puff of smoke!
Your guardian golem explodes!
The fiery explosion engulfs the blink frog!!!
The blink frog dies!
The fiery explosion engulfs you!!!
Ouch! That really hurt!
* * * LOW HITPOINT WARNING * * *
The blink frog blinks!
You hear a croak. x2
Unknown command.
Unknown command.
You feel better.
You are engulfed in blazing flames.
You die...

##.#...####
###.....##P.##
#P.......P....
..###.........!...
........)......#..
.P..#......#......
....§§...†###.....P.
..#°#.9.P#..P....P..
#@#§........♣.....
#†:§.F...........~
....R.....♣.♣.~♣....
.P......P♣..~.~..#..
..P..#.....~♣~~♣P.#
..#....#. P~~~♣~P..~
♣~~~~.#.# ~~~~..###
....


You could see the friendly Thabo the knight and a blink frog (ally target).

Vanquished Creatures
  Kirke (D:12)
  A dire elephant (Lair:3)
  Snorg (D:11)
  2 hydras (Lair:2)
  5 centaur warriors
  4 two-headed ogres
  A boulder beetle (D:11)
  A death yak (Lair:3)
  3 skysharks
  An orb spider (Lair:2)
  Pikel (D:8)
  An orc knight (Bailey)
  A deep elf zephyrmancer (Bailey)
  An ugly thing (D:12)
  4 cyclopes
  9 elephants
  4 black mambas
  Maurice (D:9)
  5 cane toads
  2 gargoyles
  Maggie (D:8)
  2 kobold demonologists
  2 unseen horror zombies (D:8)
  Psyche (D:9)
  4 komodo dragons
  3 rime drakes
  2 unseen horrors (D:12)
  A merfolk (Lair:3)
  2 trolls (D:12)
  A polar bear (Lair:2)
  3 hornets
  3 blink frogs (Lair:5)
  3 slime creatures (D:12)
  A centaur simulacrum (D:12)
  8 wyverns
  A shadow (D:11)
  7 basilisks
  22 yaks
  Grum (D:8)
  A vampire mosquito (D:12)
  A steam dragon (D:7)
  2 hogs (D:12)
  An acid dragon (D:11)
  6 water moccasins
  8 orc warriors
  2 ice beasts
  16 wolves
  An ogre (D:6)
  2 phantoms
  10 bullfrogs
  A kobold brigand (D:9)
  A wyvern zombie (D:8)
  4 scorpions
  15 wights
  An oklob sapling (D:4)
  6 electric eels
  A howler monkey (D:5)
  2 centaur zombies (D:8)
  2 hounds (D:5)
  A jelly (D:6)
  5 orc priests
  Crazy Yiuf (D:7)
  A gnoll bouda (D:8)
  3 sleepcaps
  3 iguanas
  14 orc wizards
  2 killer bee zombies (D:8)
  A howler monkey zombie (D:8)
  7 gnolls
  12 adders
  A white imp (D:8)
  2 ufetubi
  2 worms (D:2)
  2 dart slugs
  37 orcs
  9 endoplasms
  6 goblins
  5 hobgoblins
  7 jackals
  A quokka (D:1)
  10 ball pythons
  6 bats
  5 frilled lizards
  8 kobolds
  11 rats
362 creatures vanquished.

Vanquished Creatures (collateral kills)
  A catoblepas (Lair:3)
  An ogre mage (D:12)
  A boulder beetle (D:12)
  A two-headed ogre (D:12)
  A manticore (D:11)
  4 elephants
  A cane toad (Lair:1)
  5 komodo dragons
  A rime drake (Lair:3)
  A polar bear (Lair:1)
  A meliai (shapeshifter) (Lair:1)
  2 wyverns
  A wraith (D:12)
  A shadow (D:9)
  A hog (D:12)
  A steam dragon (D:8)
  4 yaks
  An acid dragon (D:12)
  3 water moccasins
  An ice beast (D:5)
  An orc warrior (D:7)
  A wolf (Lair:2)
  A centaur (D:7)
  2 bullfrogs
  3 wights
  A howler monkey (D:8)
  An electric eel (D:11)
  2 jellies (D:6)
  2 orc priests
  A hound (D:5)
  An iguana (D:6)
  2 orc wizards
  A killer bee zombie (D:8)
  A gnoll (D:8)
  A white imp (D:6)
  9 orcs
  A goblin (D:8)
  A jackal (D:4)
  A kobold (D:9)
66 creatures vanquished.

Vanquished Creatures (others)
  A tengu warrior (D:12)
  2 merfolk sirens (Lair:3)
  2 elephants
  A troll (D:12)
  A merfolk (Lair:3)
  A blink frog (Lair:5)
  A human (D:12)
  A vampire mosquito (D:12)
  A wolf (Lair:3)
  4 knights
  23 fungi
  59 plants
  6 toadstools (Lair:3)
  12 withered plants (Lair:1)
115 creatures vanquished.

Grand Total: 543 creatures vanquished

Notes
Turn   | Place    | Note
-------+----------+-------------------------------------------
     0 | D:1      | Newt the Kobold Hunter began the quest for the Orb.
     0 | D:1      | Reached XP level 1. HP: 12/12 MP: 1/1
    77 | D:1      | Reached XP level 2. HP: 18/18 MP: 2/2
   374 | D:1      | Reached XP level 3. HP: 23/23 MP: 3/3
  1059 | D:2      | Reached XP level 4. HP: 14/30 MP: 4/4
  1276 | D:2      | You fall into a shaft and drop 2 floors!
  1280 | D:4      | Noticed a scorpion
  1282 | D:4      | Noticed a scorpion
  1285 | D:4      | Found Nifio's Jewellery Boutique.
  1305 | D:4      | Found a staircase to the Ecumenical Temple.
  1306 | D:4      | Got the Codex of Collective Energy
  1698 | D:4      | Killed a scorpion
  1699 | D:4      | Reached skill level 5 in Fighting
  1699 | D:4      | Reached skill level 6 in Ranged Weapons
  1699 | D:4      | Reached XP level 5. HP: 9/35 MP: 5/5
  1852 | D:4      | Reached skill level 7 in Ranged Weapons
  1852 | D:4      | Reached XP level 6. HP: 37/40 MP: 6/6
  1855 | Temple   | Entered the Ecumenical Temple
  2032 | Temple   | Became a worshipper of Hepliaklqana the Forgotten
  2690 | D:3      | Reached skill level 8 in Ranged Weapons
  3090 | D:3      | Reached XP level 7. HP: 44/44 MP: 7/7
  3140 | D:3      | Reached skill level 9 in Ranged Weapons
  3691 | D:4      | Reached * piety under Hepliaklqana
  3715 | D:4      | Found Taf Beah's Assorted Antiques.
  3806 | D:4      | Found Jetomurgh's Weapon Shoppe.
  3868 | D:4      | Found Akyuqoah's Jewellery Shop.
  4072 | D:5      | Entered Level 5 of the Dungeon
  4099 | D:5      | Found a white marble altar of Elyvilon.
  4185 | D:5      | Reached skill level 10 in Ranged Weapons
  4276 | D:5      | Reached XP level 8. HP: 18/44 MP: 8/8
  4278 | D:5      | Reached skill level 5 in Dodging
  4956 | D:6      | Reached skill level 1 in Evocations
  5362 | D:6      | Found a shadowy altar of Dithmenos.
  5443 | D:6      | Reached ** piety under Hepliaklqana
  5444 | D:6      | Remembered your ancestor Thabo as a knight
  5513 | D:6      | Reached skill level 5 in Evocations
  5580 | D:6      | Reached XP level 9. HP: 48/48 MP: 9/9
  5971 | D:7      | Reached skill level 11 in Ranged Weapons
  6056 | D:7      | Reached skill level 12 in Ranged Weapons
  6563 | D:7      | Reached skill level 13 in Ranged Weapons
  6809 | D:7      | Found a glowing silver altar of Zin.
  6999 | D:7      | Reached skill level 14 in Ranged Weapons
  6999 | D:7      | Reached XP level 10. HP: 23/53 MP: 10/10
  7360 | D:7      | Reached *** piety under Hepliaklqana
  7365 | D:7      | Found a runed translucent door.
  7468 | D:7      | Noticed Crazy Yiuf
  7473 | D:7      | Killed Crazy Yiuf
  7546 | D:8      | Noticed Pikel
  7551 | D:8      | Killed Pikel
  7552 | D:8      | Reached skill level 15 in Ranged Weapons
  7571 | D:8      | Noticed Grum
  7582 | D:8      | Killed Grum
  7583 | D:8      | Reached skill level 16 in Ranged Weapons
  7820 | D:8      | Found a flagged portal.
  7827 | Bailey   | Entered a bailey
  8208 | Bailey   | Noticed an orc knight
  8222 | Bailey   | Killed an orc knight
  8292 | Bailey   | Found a large runed translucent door.
  8293 | Bailey   | Found a large runed translucent door.
  8293 | Bailey   | Noticed a deep elf zephyrmancer
  8449 | Bailey   | Killed a deep elf zephyrmancer
  8450 | Bailey   | Reached XP level 11. HP: 60/63 MP: 11/11
  8457 | Bailey   | Identified the +2 cloak "Nongalit" {Harm Will+ Str+3 Dex+2}
  8461 | Bailey   | Identified the +1 robe of Qeosk {Drain Will++ MP+9 Dex+3}
  8897 | D:8      | Reached skill level 1 in Spellcasting
  8897 | D:8      | Reached skill level 1 in Hexes
  8897 | D:8      | Reached skill level 1 in Translocations
  8947 | D:8      | Noticed Maggie
  8960 | D:8      | Killed Maggie
  8970 | D:8      | Found a blossoming altar of Fedhas.
  9049 | D:8      | Found a basalt altar of Yredelemnul.
  9229 | D:9      | Noticed Maurice
  9256 | D:9      | Killed Maurice
  9302 | D:9      | Found a staircase to the Lair.
  9758 | D:9      | Noticed Psyche
  9765 | D:9      | Killed Psyche
  9922 | D:9      | Found a sacrificial altar of Ru.
  9951 | D:10     | Entered Level 10 of the Dungeon
  9982 | D:10     | Found Xiazumeghe's Assorted Antiques.
  9987 | D:10     | Bought a scroll labelled JIONUE ISOFURCH for 32 gold pieces
 10075 | D:10     | Noticed a two-headed ogre
 10083 | D:10     | Killed a two-headed ogre
 10168 | D:10     | Reached **** piety under Hepliaklqana
 10891 | D:10     | Noticed a centaur warrior
 10897 | D:10     | Killed a centaur warrior
 10898 | D:10     | Reached skill level 5 in Spellcasting
 10898 | D:10     | Reached skill level 5 in Translocations
 10898 | D:10     | Reached XP level 12. HP: 38/68 MP: 19/19
 10902 | D:10     | Learned a level 3 spell: Portal Projectile
 11102 | D:10     | Found a staircase to the Orcish Mines.
 11251 | D:11     | Reached skill level 5 in Hexes
 11977 | D:11     | Noticed Snorg
 11991 | D:11     | Killed Snorg
 12138 | D:11     | Noticed a boulder beetle
 12150 | D:11     | Killed a boulder beetle
 12155 | D:11     | Learned a level 3 spell: Summon Guardian Golem
 12270 | D:12     | Reached skill level 1 in Summonings
 12400 | D:12     | Noticed a centaur warrior
 12405 | D:12     | Killed a centaur warrior
 12515 | D:12     | Noticed a two-headed ogre
 12521 | D:12     | Killed a two-headed ogre
 12524 | D:12     | Noticed a two-headed ogre
 12532 | D:12     | Killed a two-headed ogre
 12534 | D:12     | Reached skill level 5 in Summonings
 12539 | D:12     | Noticed a centaur warrior
 12546 | D:12     | Found Yraetrun's CLEARANCE SALE!.
 12716 | D:12     | Bought a scroll of acquirement for 260 gold pieces
 12717 | D:12     | Acquired 522 gold pieces
 12746 | D:12     | Noticed Kirke
 12760 | D:12     | Killed Kirke
 12916 | D:12     | Noticed an ogre mage
 12923 | D:12     | Killed an ogre mage
 13057 | D:12     | Reached XP level 13. HP: 21/72 MP: 18/22
 13418 | D:12     | Reached skill level 10 in Dodging
 13460 | D:12     | Noticed a centaur warrior
 13464 | D:12     | Killed a centaur warrior
 13481 | D:12     | Reached skill level 5 in Invocations
 13657 | D:12     | Killed a centaur warrior
 13803 | D:12     | Reached ***** piety under Hepliaklqana
 14021 | D:12     | Found a portal to a secret trove of treasure.
 14080 | D:12     | Noticed a centaur warrior
 14091 | D:12     | Killed a centaur warrior
 14488 | D:4      | Bought the ring "Ageinemo" {rElec Will+ Str+6 Dex+2 Stlth+}
                  | for 751 gold pieces
 14488 | D:4      | Bought the amulet "Voquos" {Reflect Int+4 SH+5} for 544
                  | gold pieces
 14716 | Lair:1   | Entered Level 1 of the Lair of Beasts
 15493 | Lair:1   | Reached XP level 14. HP: 77/77 MP: 23/23
 15962 | Lair:2   | Reached skill level 15 in Dodging
 16888 | Lair:2   | Found a hole to the Spider Nest.
 17295 | Lair:3   | Identified the +10 falchion "Xisykiug" {venom, rElec Str-3
                  | Dex+4}
 17392 | Lair:3   | Found a staircase to the Shoals.
 17619 | Lair:3   | Learned a level 5 spell: Summon Mana Viper
 17930 | Lair:3   | Noticed a dire elephant
 17951 | Lair:3   | Found a runed translucent door.
 18368 | Lair:3   | Killed a dire elephant
 18737 | Lair:4   | Reached ****** piety under Hepliaklqana
 18748 | Lair:4   | You fall into a shaft and drop 1 floor!
 18748 | Lair:5   | Entered Level 5 of the Lair of Beasts
 18817 | Lair:5   | Reached XP level 15. HP: 81/81 MP: 12/24
 18866 | Lair:5   | HP: 3/81 [themself (48)]
 18867 | Lair:5   | Engulfed by their own flame

Illustrated notes

Levels and vault maps discovered:
D:1:      dpeg_arrival_arbitrary_b, layout_basic
D:2:      layout_loops_cross
D:3:      layout_rooms, kennysheep_generic_room_10
D:4:      layout_rooms, minmay_temple_entry_oklob, serial_shops, shop,
          nicolae_shop_overgrown_old_shop, shop, nicolae_shop_statue_plus
D:5:      layout_basic, amcnicky_altar_gilded
D:6:      layout_basic, nicolae_dithmenos_the_darkroom
D:7:      layout_loops_corners, zin_statuary, hangedman_abyss_or_decor_stagger,
          st_stairs_2, minmay_misc_feat_chi, uniq_crazy_yiuf_cottage
D:8:      layout_cave_pools, nicolae_yredelemnul_corpse_copse,
          fedhas_altar_fruit_tree, enter_bailey_4, uniq_maggie, uniq_pikel,
          uniq_grum
D:9:      layout_basic, nicolae_ru_path_of_blood, dpeg_oklobed_lair,
          uniq_maurice, uniq_psyche
D:10:     layout_irregular_city, orc_0_dummy, serial_shops, shop
D:11:     layout_basic, uniq_snorg
D:12:     minmay_the_grid_square_5x5_4x4_mashed
          [minmay_the_grid_square_5x5_hourglass,
          minmay_the_grid_square_5x5_percent, minmay_the_grid_square_5x5_c,
          minmay_the_grid_square_5x5_trominoes, minmay_the_grid_square_5x5_comb,
          minmay_the_grid_square_5x5_prize_deathbox,
          minmay_the_grid_square_5x5_prize_open, minmay_the_grid_square_5x5_six,
          minmay_the_grid_square_5x5_broken_cross,
          minmay_the_grid_square_5x5_prize_waves,
          minmay_the_grid_square_5x5_prize_gold,
          minmay_the_grid_square_5x5_intrusive_squares,
          minmay_the_grid_square_5x5_misaligned,
          minmay_the_grid_square_5x5_gyroscope,
          minmay_the_grid_square_5x5_shuriken, minmay_the_grid_square_5x5_two],
          layout_long_grid, enter_trove_2, nicolae_shop_clearance, uniq_kirke
Temple:   regret_index_temple_sphere_string
Lair:1:   layout_regular_city, nicolae_quartered_pool_little,
          pdpol_lair_neglected_garden, wad_woods_river_01
Lair:2:   beast_lair_carwin_large_2, layout_gridlike,
          nicolae_spider_entry_orb_guardian
Lair:3:   gammafunk_lair_enchanted_lake, layout_regular_city,
          elwin_shoals_entry_stream, guppyfry_lair_drakes
Lair:4:   layout_long_grid, slime_entry_2, basic_altar, special_room
          [special_room_mythical_zoo], portal_ice_cave_rime, serial_bayou,
          serial_bayou_ford_a, serial_bayou_pond_a, serial_bayou_lake_a,
          serial_bayou_shore_b, serial_bayou_crossing
Lair:5:   gammafunk_lair_ancient_temple, layout_loops_ring,
          minmay_stone_trees_small, st_stairs_8, serial_bayou_pond_a,
          infiniplex_staircase_pool

Skill      XL: |  1  2  3  4  5  6  7  8  9 10 11 12 13 14 |
---------------+-------------------------------------------+-----
Fighting       | 3 4 5 9 |  9.0
Ranged Weapons | 6 7 8 10 14 16 | 16.0
Dodging        | 4 6 8 14 15 | 15.0
Evocations     | 6 |  6.0
Spellcasting   | 5 6 |  6.1
Hexes          | 4 6 9 |  9.9
Translocations | 5 6 |  6.1
Summonings     | 6 9 |  9.8
Invocations    | 8 |  8.0
Stealth        | |  1.3

Action                     |  1- 3 |  4- 6 |  7- 9 | 10-12 | 13-15 || total
---------------------------+-------+-------+-------+-------+-------++-------
   Fire: Shortbow          |    75 |   158 |   266 |   454 |   678 ||  1631
   Cast: Portal Projectile |       |       |       |    10 |    11 ||    21
         Summon Guardian G |       |       |       |     6 |    13 ||    19
         Summon Mana Viper |       |       |       |       |     2 ||     2
 Invoke: Ancestor Life: Kn |       |       |     1 |       |       ||     1
         Recall Ancestor   |       |       |       |     1 |     1 ||     2
         Idealise          |       |       |       |       |     1 ||     1
  Evoke: Wand              |       |     1 |       |     6 |     1 ||     8
    Use: Scroll            |     7 |     1 |     6 |     9 |     8 ||    31
         Potion            |     1 |     1 |     1 |     3 |     1 ||     7
 Armour: Leather armour    |     4 |    61 |    18 |     6 |       ||    89
         Robe              |       |       |       |     9 |    19 ||    28
  Dodge: Dodged            |    13 |   101 |    71 |   144 |   287 ||   616
  Block: Other             |       |       |       |       |    34 ||    34

Table legend: (Time is in decaauts)
 A = Elapsed time spent in this place.
 B = Non-inter-level travel time spent in this place.
 C = Inter-level travel time spent in this place.
 D = Time resting spent in this place.
 E = Time spent auto-exploring this place.
 F = Levels seen in this place.
 G = Mean time per level.
                   A        B        C        D        E       F      G
               +--------+--------+--------+--------+--------+-----+--------+
         Total |  18696 |  17906 |    790 |   3677 |  11672 |  19 |  984.0 |
       Dungeon |  13769 |  13122 |    647 |   3087 |   8265 |  12 | 1147.4 |
        Temple |    190 |    167 |     23 |      0 |    151 |   1 |  190.0 |
          Lair |   4068 |   3949 |    119 |    274 |   3011 |   5 |  813.6 |
        Bailey |    668 |    668 |      0 |    316 |    244 |   1 |  668.0 |
               +--------+--------+--------+--------+--------+-----+--------+

Top non-repeatable levels by time:
    D:12: 2001 daAuts
  Lair:3: 1740 daAuts
     D:7: 1656 daAuts
    D:10: 1386 daAuts
     D:2: 1371 daAuts
     D:4: 1293 daAuts
  Lair:2: 1211 daAuts
     D:6: 1035 daAuts
     D:5: 994 daAuts
  Lair:1: 978 daAuts
    D:11: 948 daAuts
     D:8: 937 daAuts
     D:9: 820 daAuts
     D:3: 709 daAuts
  Bailey: 668 daAuts
